Map: Ascension to Aiur LE

Players

SamuraiFunn - Winner!

  • Race: Protoss Protoss
  • Spawn Location: 11:00

A.I. 1 (Elite)

  • Race: Terran Terran
  • Spawn Location: 5:00

VOD

Have the link to the VOD?

Description

Time

  • Played on: Nov. 24, 2017, 10:44 p.m.
  • Length: 7:05
Show
View Real Time Build Order
Export as new Build Order

SamuraiFunn Protoss - Winner!

Build Orders: Dark Templar Rush 

Get SALT Encoding   

  12  0:01  Probe  
  13  0:13  Probe  
  14  0:18  Pylon  
  14  0:25  Probe  
  15  0:33  Assimilator  
  15  0:37  Probe  
  16  0:45  Gateway  
  16  0:49  Probe (Chrono Boost)  
  18  1:00  Probe (Chrono Boost)  
  18  1:03  Probe  
  19  1:10  Assimilator  
  19  1:15  Probe  
  20  1:28  Probe  
  21  1:35  Cybernetics Core  
  21  1:50  Nexus  
  21  1:57  Pylon  
  21  2:12  Probe  
  22  2:15  Adept  
  22  2:18  Warp Gate (Chrono Boost)  
  24  2:29  Probe  
  25  2:30  Assimilator  
  25  2:42  Twilight Council  
  25  2:52  Probe  
  26  3:13  Gateway  
  26  3:19  Probe  
  28  3:20  Probe  
  28  3:21  Gateway  
  28  3:23  Gateway  
  28  3:40  Probe x2  
  30  3:43  Pylon  
  30  3:53  Dark Shrine  
  30  4:04  Probe  
  30  4:05  Probe  
  32  4:21  Probe x2  
  34  4:37  Probe x2  
  34  4:38  Pylon  
  36  5:05  Pylon  
  36  5:11  Dark Templar  
  36  5:12  Dark Templar x3  
  44  5:19  Probe x2  
  46  5:24  Assimilator  
  46  5:31  Probe  
  46  5:32  Probe  
  46  5:51  Dark Templar x4  
  52  6:28  Dark Templar x2  
  52  6:29  Dark Templar  
  58  6:38  Dark Templar  
  58  6:39  Pylon  
  52  7:03  Nexus  
  52  7:05  Pylon  
Show
View Real Time Build Order
Export as new Build Order

A.I. 1 (Elite) Terran 

Build Orders: MMM Bio 

Get SALT Encoding   

  12  0:00  SCV  
  13  0:13  SCV  
  14  0:19  Supply Depot  
  14  0:25  SCV  
  15  0:41  SCV  
  16  0:43  Barracks  
  16  0:53  SCV  
  17  1:05  SCV  
  18  1:17  SCV  
  19  1:19  Supply Depot  
  19  1:23  Refinery  
  19  1:29  SCV, Marine  
  21  1:41  SCV  
  22  1:47  Marine  
  22  1:52  Barracks  
  22  1:53  SCV  
  24  1:57  Refinery  
  24  2:04  Supply Depot  
  24  2:05  Marine  
  24  2:06  Orbital Command  
  25  2:23  Marine  
  26  2:31  SCV  
  27  2:41  Marine  
  27  2:43  SCV  
  29  2:45  Command Center  
  29  3:02  Factory  
  29  3:03  SCV  
  30  3:06  Marine  
  30  3:08  Marine  
  32  3:15  SCV  
  33  3:24  Marine  
  33  3:26  Marine  
  35  3:27  SCV  
  36  3:37  Barracks  
  36  3:40  SCV  
  37  3:42  Barracks Tech Lab  
  37  3:44  Barracks Tech Lab  
  37  3:52  SCV  
  38  3:56  Starport, Factory Tech Lab, Orbital Command  
  38  4:04  SCV  
  38  4:08  Marine  
  40  4:11  Marine  
  40  4:16  SCV, Stimpack  
  42  4:20  Combat Shields  
  42  4:21  SCV  
  43  4:28  SCV  
  43  4:29  Supply Depot  
  44  4:34  SCV  
  44  4:37  Marine  
  46  4:39  Marine  
  46  4:40  SCV  
  46  4:41  Marine  
  49  4:46  SCV  
  49  4:50  Supply Depot  
  49  4:52  SCV, Medivac  
  53  4:58  SCV  
  54  5:02  Marauder  
  54  5:04  SCV, Marauder  
  59  5:10  SCV  
  60  5:16  SCV  
  60  5:17  Supply Depot  
  61  5:23  Marauder  
  61  5:26  Marauder  
  65  5:32  Engineering Bay  
  65  5:37  Command Center  
  61  5:45  Marauder  
  52  6:05  Marine  
  52  6:11  Marine  
  50  6:16  Marine  
Tags
 
Add a new tag
Caveats
  • Supply blocks, unpowered buildings, or Contaminate may cause inaccurate times.
  • Supply counts are checked every 10 seconds.